 Dungeon Crawl Stone Soup version 0.28-a0-445-g51f8dfeb47 (webtiles) character file.

Game seed: 3588203226804048893

1802 Morbidden the Conjurer (level 8, 0/108 HPs)
             Began as a Demigod Conjurer on Sept 13, 2021.
             Slain by a kobold (3 damage)
             ... on level 7 of the Dungeon.
             The game lasted 00:13:55 (8699 turns).

Morbidden the Conjurer (Demigod Conjurer)           Turns: 8699, Time: 00:13:55

Health: 0/108      AC: 28    Str:  6 (8)  XL:     8   Next: 53%
Magic:  18/19      EV:  2    Int: 27 (28) God:
Gold:   290        SH:  8    Dex:  9 (12) Spells: 11/18 levels left

rFire   . . .      SeeInvis .   e - +1 mace (holy)
rCold   . . .      Faith    .   h - +0 buckler
rNeg    + + +      Spirit   .   (armour currently unavailable)
rPois   +          Reflect  +   (helmet currently unavailable)
rElec   .          Harm     .   (cloak currently unavailable)
rCorr   .          Rampage  .   (gloves currently unavailable)
Will    .....      NoTele   +   (boots currently unavailable)
Stlth   ++........              f - amulet of reflection
HPRegen 0.28/turn               b - +4 ring of protection
MPRegen 0.16/turn               (no ring)

@: tree-form, marked, slowed, very slow
A: stationary, stasis, torment immunity, boosted hp, high mp 1, forlorn, robust
1, (sturdy frame 1)
a: no special abilities


You were on level 7 of the Dungeon.
You were a tree.
You visited 1 branch of the dungeon, and saw 7 of its levels.

You collected 290 gold pieces.

Inventory:

Hand Weapons
 e - a +1 mace of holy wrath (weapon)
 w - a +0 vorpal broad axe
Armour
 h - a +0 buckler (worn)
 l - a +0 pair of gloves (melded)
 p - a +0 chain mail
 q - a +0 scale mail (melded)
 u - a +2 helmet (melded)
 v - a +1 cloak of poison resistance (melded)
Jewellery
 b - a +4 ring of protection (left branch)
 f - an amulet of reflection (around neck)
 j - a ring of fire
Wands
 n - a wand of digging (5)
Scrolls
 a - a scroll of enchant armour
 c - 6 scrolls of identify
 g - 2 scrolls of noise
 o - 3 scrolls of enchant weapon
Potions
 d - a potion of degeneration
 m - a potion of curing {unknown}
 r - a potion of heal wounds {unknown}
 s - a potion of might {unknown}


   Skills:
 * Level 3.8 Fighting
 + Level 0.2 Maces & Flails
 + Level 1.6 Armour
 + Level 2.6 Dodging
 + Level 2.5 Stealth
 + Level 1.7 Shields
 + Level 0.1 Unarmed Combat
 * Level 5.5 Spellcasting
 * Level 7.2 Conjurations
 * Level 1.7 Translocations


You had 11 spell levels left.
You knew the following spells:

 Your Spells              Type           Power      Damage    Failure   Level
a - Magic Dart            Conj           100%       1d8       1%          1
b - Searing Ray           Conj           92%        2d7       1%          2
c - Iskenderun's Mystic   Conj/Tloc      31%        2d8       14%         4

Your spell library contained the following spells:

 Spells                   Type           Power      Damage    Failure   Level
 Dazzling Flash           Conj/Hex       54%        N/A       6%          3
 Fulminant Prism          Conj/Hex       13%        3d9       21%         4


Dungeon Overview and Level Annotations

Branches:
Dungeon (7/15)
 Temple: D:4-7

Annotations:
D:7 Dowan, Duvessa, Joseph, Menkaure


Innate Abilities, Weirdness & Mutations

You are a tree.
Your roots penetrate the ground, keeping you stationary.
You cannot be teleported.
You are immune to unholy pain and torment.
Your maximum health is greatly increased.
Your equipment is partially melded.
Your attributes grow dramatically as you level up.
You have an increased reservoir of magic. (+10% MP)
You shall have no god before yourself.
You are robust. (+10% HP)
((Your movements are slightly less encumbered by armour. (ER -2)))


Message History

Unknown command.
Unknown command.
Unknown command.
It was a potion of flight.
You feel very buoyant.
You fly up into the air.
The centaur hits you but does no damage.
The centaur kicks you but does no damage.
The kobold hits you but does no damage.
Menkaure gestures wildly while chanting.
Menkaure seems to speed up.
Joseph hits you with a +0 quarterstaff!
* * * LOW HITPOINT WARNING * * *
The kobold barely misses you.
The kobold brigand hits you but does no damage.
The centaur barely misses you. The centaur closely misses you.
You block the ice beast's attack. You block the kobold's attack.
The kobold hits you with a +0 dagger.
* * * LOW HITPOINT WARNING * * *
The kobold closely misses you.
Unknown command.
Unknown command.
Unknown command.
Unknown command.
Unknown command.
Unknown command.
Unknown command.
It was a potion of lignification.
You turn into a tree.
Your +1 cloak of poison resistance melds into your body.
Your +2 helmet melds into your body.
Your +0 pair of gloves melds into your body.
Your +0 scale mail melds into your body.
You no longer feel resistant to poison.
Your roots penetrate the ground.
You block the centaur's attack.
The centaur kicks you but does no damage.
Joseph hits you but does no damage. The kobold hits you but does no damage.
The kobold brigand hits you but does no damage.
An orc wizard comes into view. It is wielding a +0 dagger.
An orc warrior comes into view. It is wielding a +0 broad axe.
You block the ice beast's attack. The kobold hits you with a +0 dagger.
You die...

...........###
#.......M....#
.#.....o........
..#.F...........
.(..Z...o.......
.....loKe.......
o..#.KKKKe.....?
..#..yK♣cK......
..o.FyYK@.#.....
.....yyy<.....#
.#..n.....o.###
.........##.o#
...(...... o..#
........... ....
........... ...
..##.......# .


You could see Joseph (inner flame), Duvessa (inner flame), 2 orc warriors, a
wyvern, an ice beast (inner flame), a kobold brigand (inner flame), a necrophage
(inner flame), Menkaure (fast), Dowan (inner flame), 2 bullfrogs, a centaur
(inner flame), 5 killer bees, 2 orc priests, 2 orc wizards, 2 orcs, a howler
monkey zombie (inner flame) and 7 kobolds.

Vanquished Creatures
  Maggie (D:6)
  Eustachio (D:4)
  Edmund (D:4)
  A water moccasin (D:6)
  An ice beast (D:5)
  A sky beast (D:6)
  Blork the orc (D:6)
  A scorpion (D:5)
  A gnoll shaman (D:5)
  2 hounds (D:5)
  2 bullfrog skeletons
  Crazy Yiuf (D:3)
  An orc priest (D:5)
  Natasha (thrice) (D:1)
  Terence (D:3)
  7 iguanas
  A scorpion zombie (D:5)
  4 orc wizards
  Robin (D:3)
  A hound skeleton (D:3)
  8 adders
  6 gnolls
  A howler monkey skeleton (D:5)
  A white imp (D:5)
  An adder skeleton (D:4)
  2 worms
  A dart slug (D:4)
  14 orcs
  3 endoplasms
  2 giant cockroaches
  11 goblins
  8 hobgoblins
  3 jackals (D:3)
  8 quokkas
  3 ball pythons
  7 bats
  3 frilled lizards
  5 kobolds
  8 rats
128 creatures vanquished.

Notes
Turn   | Place    | Note
-------+----------+-------------------------------------------
     0 | D:1      | Morbidden the Demigod Conjurer began the quest for the Orb.
     0 | D:1      | Reached XP level 1. HP: 14/14 MP: 5/5
   313 | D:1      | Reached skill level 4 in Conjurations
   313 | D:1      | Reached XP level 2. HP: 20/20 MP: 0/7
   500 | D:1      | Learned a level 2 spell: Searing Ray
  1574 | D:2      | Noticed Natasha
  1583 | D:1      | Killed Natasha
  1584 | D:1      | Reached XP level 3. HP: 20/26 MP: 1/8
  1981 | D:1      | Noticed Natasha
  1991 | D:1      | Killed Natasha
  2877 | D:1      | Noticed Natasha
  2887 | D:1      | Killed Natasha
  2888 | D:1      | Reached skill level 5 in Conjurations
  2888 | D:1      | Reached XP level 4. HP: 22/34 MP: 2/10
  3759 | D:3      | Found a runed translucent door.
  3760 | D:3      | Noticed Crazy Yiuf
  3880 | D:3      | Noticed Terence
  3884 | D:3      | Killed Terence
  3885 | D:3      | Reached XP level 5. HP: 39/39 MP: 6/11
  3968 | D:3      | Reached skill level 1 in Fighting
  3995 | D:3      | Noticed Robin
  4133 | D:3      | Killed Robin
  4599 | D:3      | You fall into a shaft and drop 2 floors!
  4599 | D:5      | Entered Level 5 of the Dungeon
  4645 | D:4      | Noticed Edmund
  4652 | D:4      | Noticed Eustachio
  4654 | D:4      | Gained mutation: You are robust. (+10% HP) [potion of
                  | mutation]
  4654 | D:4      | Gained mutation: Your movements are slightly less
                  | encumbered by armour. (ER -2) [potion of mutation]
  4891 | D:5      | Reached XP level 6. HP: 51/51 MP: 7/13
  5266 | D:5      | Reached skill level 6 in Conjurations
  5487 | D:5      | Reached XP level 7. HP: 61/61 MP: 9/15
  6310 | D:4      | Learned a level 4 spell: Iskenderun's Mystic Blast
  6499 | D:4      | Killed Eustachio
  6796 | D:4      | Killed Edmund
  7537 | D:3      | Killed Crazy Yiuf
  7538 | D:3      | Reached skill level 1 in Shields
  7538 | D:3      | Reached skill level 1 in Translocations
  7538 | D:3      | Reached XP level 8. HP: 65/69 MP: 10/18
  7671 | D:6      | Reached skill level 5 in Spellcasting
  7868 | D:6      | Noticed a komodo dragon
  8021 | D:6      | Noticed Blork the orc
  8029 | D:6      | Killed Blork the orc
  8030 | D:6      | Reached skill level 1 in Armour
  8125 | D:6      | Noticed Maggie
  8146 | D:6      | Killed Maggie
  8147 | D:6      | Reached skill level 7 in Conjurations
  8155 | D:6      | Identified the +4 hunting sling of the Hawk {freeze, Will+}
  8689 | D:7      | Noticed Joseph
  8693 | D:7      | Noticed Dowan
  8693 | D:7      | Noticed Duvessa
  8697 | D:7      | Noticed Menkaure
  8698 | D:7      | HP: 2/72 [kobold (2)]
  8699 | D:7      | Slain by a kobold

Illustrated notes

Levels and vault maps discovered:
D:1:      dpeg_arrival_simpleton_a, layout_basic,
          shapermc_ecumenical_altar_mp_highgroup
D:2:      layout_rooms, uniq_natasha
D:3:      minmay_bubble_buster, layout_rooms, skrybe_limestone_x,
          minmay_misc_feat_enclosed, uniq_terence, uniq_crazy_yiuf_cottage,
          uniq_robin
D:4:      layout_rooms, uniq_eustachio, uniq_edmund
D:5:      layout_rooms, minmay_misc_feat_nine_boxes
D:6:      layout_basic, uniq_blork_the_orc, uniq_maggie
D:7:      layout_cave_pools, minmay_temple_entry_proselytizer, enter_bailey_8,
          uniq_menkaure, uniq_joseph, uniq_duvessa

Skill      XL: |  1  2  3  4  5  6  7  8 |
---------------+-------------------------+-----
Conjurations   | 4 5 6 7 |  7.2
Spellcasting   | 2 3 4 5 |  5.5
Fighting       | 1 2 3 |  3.8
Stealth        | 2 |  2.5
Dodging        | 2 |  2.6
Shields        | 1 |  1.7
Translocations | 1 |  1.7
Armour         | 1 |  1.6
Maces & Flails | |  0.2
Unarmed Combat | |  0.1

Action                   |  1- 3 |  4- 6 |  7- 9 || total
-------------------------+-------+-------+-------++-------
Melee: Unarmed           |     9 |       |       ||     9
       Mace              |     1 |     6 |     4 ||    11
 Cast: Magic Dart        |    35 |   104 |    80 ||   219
       Searing Ray       |     8 |    17 |    35 ||    60
  Use: Scroll            |       |     4 |     3 ||     7
       Potion            |       |     1 |     3 ||     4
Armor: Robe              |     3 |    20 |       ||    23
       Scale mail        |       |     1 |    70 ||    71
       Skin              |       |       |     4 ||     4
Dodge: Dodged            |    11 |    43 |    36 ||    90
Block: Buckler           |       |     2 |    45 ||    47
       Reflection        |       |       |     2 ||     2

Table legend: (Time is in decaauts)
 A = Elapsed time spent in this place.
 B = Non-inter-level travel time spent in this place.
 C = Inter-level travel time spent in this place.
 D = Time resting spent in this place.
 E = Time spent auto-exploring this place.
 F = Levels seen in this place.
 G = Mean time per level.
                   A        B        C        D        E       F      G
               +--------+--------+--------+--------+--------+-----+--------+
         Total |   8715 |   8344 |    371 |   1962 |   5320 |   7 | 1245.0 |
       Dungeon |   8715 |   8344 |    371 |   1962 |   5320 |   7 | 1245.0 |
               +--------+--------+--------+--------+--------+-----+--------+

Top non-repeatable levels by time:
     D:1: 3000 daAuts
     D:5: 1436 daAuts
     D:4: 1392 daAuts
     D:3: 1071 daAuts
     D:6: 1046 daAuts
     D:2: 753 daAuts
     D:7: 14 daAuts
